 Dungeon Crawl Stone Soup version 0.31-a0-1620-gcbf77bbcfc (webtiles) character file.

Game seed: 12211198806106017285

303807 Flugslaktarn the Slayer (level 19, -16/175 (189) HPs)
             Began as a Minotaur Fighter on Jan 11, 2024.
             Was an Elder of Okawaru.
             Killed from afar by a black draconian knight (22 damage)
             ... with a bolt of lightning
             ... on level 1 of the Realm of Zot.
             The game lasted 00:22:22 (28906 turns).

Flugslaktarn the Slayer (Minotaur Fighter)         Turns: 28906, Time: 00:22:22

HP:   -16/175 (189) AC: 28    Str: 30    XL:     19   Next: 33%
MP:   21/27         EV: 26    Int:  6    God:    Okawaru [****..]
Gold: 855           SH: 17    Dex: 14    Spells: 18/18 levels left

rFire   + . .        b - +4 broad axe (vamp)
rCold   + . .        P - +1 kite shield "Fomouh" {rF+}
rNeg    . . .        G - +3 chain mail {rC+}
rPois   +            (helmet restricted)
rElec   .            f - scarf of the Brewing Gods {+Inv, rPois Regen+ Str+6}
rCorr   .            u - +0 pair of gloves
SInv    .            s - +1 pair of boots
Will    +....        C - amulet of regeneration Stlth
                     R - +8 ring of evasion
HPRegen 2.09/turn    p - +4 ring of protection
MPRegen 0.20/turn

%: no passive effects
@: heroic, finesse-ful, untranslocatable, hasted, drained, very quick
A: horns 2, retaliatory headbutt, agile 1, poison resistance, weak 1
}: 3/15 runes: decaying, serpentine, abyssal
a: Renounce Religion, Evoke Invisibility, Heroism, Finesse


You were on level 1 of the Realm of Zot.
You worshipped Okawaru.
Okawaru was greatly pleased with you.
You visited 8 branches of the dungeon, and saw 36 of its levels.
You visited the Abyss 1 time.
You also visited: Ice Cave.

You collected 2912 gold pieces.
You spent 2057 gold pieces at shops.

Inventory:

Hand Weapons
 a - a +0 war axe of flaming
 b - a +4 vampiric broad axe (weapon)
   (Okawaru gifted it to you on level 11 of the Dungeon)
 Q - a +0 spectral broad axe
   (You took it off Asterion on level 3 of the Snake Pit)
Armour
 f - the scarf of the Brewing Gods (worn) {+Inv, rPois Regen+ Str+6}
   (Okawaru gifted it to you on level 11 of the Dungeon)

   Str+6:     It affects your strength (+6).
   rPois:     It protects you from poison Regen+: It increases your rate of
   health regeneration.
 m - a scarf of resistance
   (You found it on level 13 of the Dungeon)
 n - a +2 tower shield of cold resistance
   (You found it in an ice cave)
 s - a +1 pair of boots (worn)
   (You found it on level 4 of the Dungeon)
 u - a +0 pair of gloves (worn)
   (You found it on level 4 of the Dungeon)
 G - a +3 chain mail of cold resistance (worn)
   (You took it off Saint Roka on level 2 of the Orcish Mines)
 P - the +1 kite shield "Fomouh" (worn) {rF+}
   (You took it off Donald on level 2 of the Snake Pit)

   rF+:       It protects you from fire.
Jewellery
 c - a ring of protection from cold
   (You found it on level 1 of the Dungeon)
 k - a ring of resist corrosion
   (You found it on level 4 of the Dungeon)
 p - a +4 ring of protection (right hand)
   (You took it off an orc wizard on level 9 of the Dungeon)
 C - an amulet of regeneration (around neck)
   (You bought it in a shop on level 1 of the Dungeon)
 K - the ring of the Invisible Hand {rElec rC+ Will+ Int-2 Dex+6}
   (You found it on level 2 of the Lair of Beasts)

   [ring of protection from cold]

   Int-2:     It affects your intelligence (-2).
   Dex+6:     It affects your dexterity (+6).
   rC+:       It protects you from cold.
   rElec:     It insulates you from electricity.
   Will+:     It increases your willpower.
 L - an amulet of guardian spirit
   (You found it on level 5 of the Lair of Beasts)
 R - a +8 ring of evasion (left hand)
   (You bought it in a shop on level 3 of the Snake Pit)
Wands
 g - a wand of digging (12)
   (You found it on level 6 of the Dungeon)
 x - a wand of mindburst (8)
   (You found it on level 4 of the Lair of Beasts)
 y - a wand of iceblast (23)
   (You found it on level 6 of the Dungeon)
 D - a wand of acid (23)
   (You found it on level 5 of the Dungeon)
Scrolls
 e - 5 scrolls of revelation
 i - 5 scrolls of brand weapon
 j - 4 scrolls of immolation
 r - 7 scrolls of identify
 t - 6 scrolls of teleportation
 z - 3 scrolls of blinking
 F - 4 scrolls of fog
 H - 7 scrolls of fear
 J - a scroll of enchant weapon
 M - a scroll of vulnerability
Potions
 d - 2 potions of might
 l - 2 potions of lignification
 o - 4 potions of berserk rage
 q - 14 potions of curing
 w - a potion of heal wounds
 A - 2 potions of invisibility
 E - 3 potions of mutation
 I - 3 potions of magic
 O - 3 potions of enlightenment


   Skills:
 + Level 21.1(26.1) Fighting
 - Level 18.0(23.0) Axes
 + Level 18.5(23.5) Armour
 + Level 13.0(18.0) Dodging
 + Level 18.3(23.3) Shields
 - Level 12.0 Invocations
 - Level 6.0 Evocations


You had 18 spell levels left.
You didn't know any spells.
Your spell library contained the following spells:

 Spells                   Type           Power      Damage    Failure   Level
 Apportation              Tloc           0%         N/A       75%         1
 Foxfire                  Conj/Fire      0%         2x1d4     75%         1
 Magic Dart               Conj           0%         1d3       75%         1
 Necrotise                Necr           0%         1d4       75%         1
 Sting                    Conj/Alch      0%         1d3       75%         1
 Blink                    Tloc           0%         N/A       86%         2
 Ensorcelled Hibernation  Hex/Ice        0%         N/A       86%         2
 Jinxbite                 Hex            0%         N/A       86%         2
 Lesser Beckoning         Tloc           0%         N/A       86%         2
 Mercury Vapours          Alch/Air       0%         N/A       86%         2
 Momentum Strike          Conj/Tloc      0%         3d8       86%         2
 Searing Ray              Conj           0%         2d4       86%         2
 Sublimation of Blood     Necr           0%         N/A       86%         2
 Hailstorm                Conj/Ice       0%         3d5       98%         3
 Passwall                 Erth           0%         N/A       98%         3
 Swiftness                Air            0%         N/A       98%         3
 Volatile Blastmotes      Fire/Tloc      0%         2d10      98%         3
 Fulminant Prism          Conj/Alch      0%         3d5       100%        4
 Ignite Poison            Fire/Alch      0%         N/A       100%        4
 Iskenderun's Mystic Bla  Conj/Tloc      0%         2d3       100%        4
 Manifold Assault         Tloc           0%         N/A       100%        4
 Olgreb's Toxic Radiance  Alch           0%         N/A       100%        4
 Sticky Flame             Fire/Alch      0%         2d4       100%        4
 Vhi's Electric Charge    Tloc/Air       0%         N/A       100%        4
 Alistair's Intoxication  Alch           0%         N/A       100%        5
 Plasma Beam              Fire/Air       0%         2x1d10    100%        6
 Starburst                Conj/Fire      0%         6d3       100%        6
 Ozocubu's Refrigeration  Ice            0%         4d7       100%        7
 Discord                  Hex            0%         N/A       100%        8
 Ignition                 Fire           0%         3d3       100%        8
 Summon Small Mammal      Summ           Unusable   N/A       N/A         1
 Call Imp                 Summ           Unusable   N/A       N/A         2
 Summon Ice Beast         Ice/Summ       Unusable   N/A       N/A         3
 Sculpt Simulacrum        Ice/Alch       Unusable   N/A       N/A         6
 Summon Hydra             Summ           Unusable   N/A       N/A         7

Dungeon Overview and Level Annotations

Branches:
Dungeon (15/15)            Temple (0/1) D:7            Lair (5/5) D:11
  Swamp (4/4) Lair:2        Snake (4/4) Lair:3        Slime (0/5) Lair:4
    Orc (2/2) D:10            Elf (0/3) Orc:2        Vaults (1/5) D:14
 Depths (4/4) D:15            Zot (1/5) Depths:4      IceCv (visited)

Altars:
Cheibriados
Dithmenos
Fedhas
Hepliaklqana
Okawaru
Qazlal
Wu Jian
Xom
Zin

Shops:
D:1 [=[=   D:6 *   D:9 :   Orc:1 :   Orc:2 ?*([:   Snake:3 =

Portals:
Trove: D:13 (give 7 scrolls of fear)

Annotations:
D:6 Blork the orc
D:15 Roxanne
Lair:4 exclusion: oklob plant


Innate Abilities, Weirdness & Mutations

You have a pair of horns on your head.
You reflexively headbutt those who attack you in melee.
You are agile. (Dex +4, Str/Int -1)
Your system is resistant to poisons. (rPois)
You are weak. (Str -2)


Message History

You feel better.
The purple draconian shifter is moderately wounded.
You hit something but do no damage. x2; You slash something!
You hit the black draconian. You hit the ancient lich. Something touches you!
You feel drained.
You miss the purple draconian shifter.
The purple draconian shifter is moderately wounded.
You slash the black draconian!
You feel better.
You hit the ancient lich but do no damage.
You hit something.
You feel better.
You slash something! You hit something but do no damage.
The ancient lich casts a spell.
The ancient lich flickers and vanishes!
Something closely misses you.
You hit the purple draconian shifter.
You headbutt the purple draconian shifter!
The purple draconian shifter is moderately wounded.
You hit something. x2; You slice the black draconian!!
You closely miss something. You miss something.
You hear some strange, mumbled words.
A crystal spear appears from out of thin air!
You block the crystal spear.
The black draconian breathes lightning at you.
The bolt of lightning hits you!!
The bolt of lightning hits something!
You block the black draconian's attack.
The purple draconian shifter mumbles some strange words.
The purple draconian shifter blinks!
You hear a roar!
Something completely misses you.
A bolt of lightning appears from out of thin air!
The bolt of lightning misses you.
The bolt of lightning hits something!
Something barely misses you.
You hear some strange, mumbled words.
A crystal spear appears from out of thin air!
The crystal spear hits you!!!
* * * LOW HITPOINT WARNING * * *
The black draconian breathes lightning at you.
The bolt of lightning hits something.
The bolt of lightning misses you.
The bolt of lightning hits something!
The purple draconian shifter breathes dispelling energy at you.
The bolt of dispelling energy hits something!
Reactivating autopickup.
The black draconian knight's magical effects unravel!
The bolt of dispelling energy misses you.
You hear some strange, mumbled words.
Deactivating autopickup; reactivate with Ctrl-A.
Something tries to affect you, but you resist.
The black draconian knight breathes lightning at you.
The bolt of lightning misses you.
The bolt of lightning hits something!
You hear a shout!
You closely miss something.
You completely miss the black draconian knight.
You hit something but do no damage. You slash the black draconian!
You barely miss something.
Something touches you but does no damage.
You are a level 19 Minotaur Fighter.
You are 30% of the way to level 20.
Play time: 00:21:32 (28904 turns).
Zot will find you in 5951 turns if you stay in this branch and explore no new floors.
Unknown command.
Unknown command.
Okay, then.
Okay, then.
Okay, then.
You feel yourself speed up. Something completely misses you.
Something touches you!
* * * LOW HITPOINT WARNING * * *
You feel drained.
* * * LOW HITPOINT WARNING * * *
Something touches you!
* * * LOW HITPOINT WARNING * * *
You block the black draconian's attack.
The black draconian completely misses you.
The black draconian knight closely misses you.
You furiously retaliate!
You headbutt the black draconian knight, but do no damage.
Something barely misses you.
Unknown command.
You slash something! Okawaru accepts your kill.
Reactivating autopickup.
You feel a bit more experienced.
You slash the black draconian knight!
You feel better.
You closely miss something. You closely miss the black draconian.
You hit something. Something touches you.
* * * LOW HITPOINT WARNING * * *
You feel drained.
* * * LOW HITPOINT WARNING * * *
Deactivating autopickup; reactivate with Ctrl-A.
The black draconian completely misses you.
The black draconian misses you.
Okay, then.
Unknown command.
You hit the black draconian knight but do no damage.
The black draconian knight is moderately wounded.
You hit something. You slash the black draconian!
You kill the black draconian!
Okawaru accepts your kill.
You slash something!
Something touches you but does no damage.
The black draconian knight breathes lightning at you.
The bolt of lightning hits you!!
You die...

######
....###
#....# #
#.{# ...
#@)##
#...###q{.#
#....dq.##
8.#.∩.#
#........#
#...#.#.##
##d #####


You could see a black draconian knight (catching breath), a black draconian
(catching breath) and a purple draconian shifter (catching breath).

Vanquished Creatures
  A dread lich (Depths:4)
  An ancient lich (Zot:1)
  A juggernaut (Depths:4)
  Bai Suzhen (Arena)
  Vashnia (Snake:4)
  Saint Roka (Orc:2)
  4 golden dragons (Depths:4)
  2 bone dragons
  Jorgrun (D:13)
  5 liches
  Asterion (Snake:3)
  3 death cobs (Depths:4)
  A tengu reaver (Depths:2)
  A thorn hunter (Swamp:4)
  Donald (Snake:2)
  A storm dragon (Depths:4)
  A fenstrider witch (Swamp:3)
  A draconian knight (Depths:4)
  A draconian monk (Depths:4)
  6 nagarajas (Snake:4)
  A fire giant (Depths:4)
  2 frost giants (Depths:1)
  3 orc warlords
  3 draconian stormcallers (Depths:4)
  6 very ugly things
  4 green draconians
  7 stone giants
  Nessos (Lair:3)
  A bunyip (Swamp:3)
  A purple draconian (Depths:4)
  4 black draconians
  3 yellow draconians
  Azrael (Snake:3)
  3 jiangshi (Depths:3)
  A fire dragon (Depths:2)
  Snorg (D:11)
  Josephine (D:13)
  An ettin (D:15)
  2 rakshasas
  A spriggan zombie (Depths:1)
  2 shambling mangroves
  A sphinx zombie (Depths:1)
  8 vault guards (D:14)
  Erolcha (D:11)
  2 ice dragons
  2 salamander tyrants (Snake:4)
  An ogre mage (D:15)
  17 hydras
  3 spriggan air magi
  9 anacondas
  5 boulder beetles
  5 centaur warriors
  2 ghost crabs
  5 alligators
  13 naga warriors
  2 hell hogs (Lair:5)
  3 two-headed ogres
  20 death yaks
  3 thrashing horrors (Abyss:4)
  5 spriggan berserkers
  4 tengu warriors (D:15)
  An orc high priest (Orc:2)
  A vampire mage (Depths:3)
  2 occultists (D:13)
  7 shock serpents
  Nergalle (D:11)
  5 naga sharpshooters
  4 hell knights (Depths:1)
  A demonic crawler (Lair:2)
  5 skeletal warriors (D:13)
  A wretched star (Abyss:4)
  A skyshark (Lair:5)
  Lodul (D:10)
  Amaemon (Lair:1)
  A deep troll (Depths:2)
  6 mana vipers
  4 salamander mystics (Snake:4)
  A goliath frog (Swamp:4)
  7 swamp dragons (Swamp:4)
  3 bog bodies
  A glowing orange brain (Depths:1)
  Pikel (D:6)
  7 naga ritualists
  5 orc knights
  2 lindwurms
  A deep elf pyromancer (D:15)
  4 necromancers
  An orc sorcerer (Orc:1)
  3 cyclopes
  31 ugly things
  Maurice (D:10)
  3 will-o-the-wisps
  3 manticores
  11 salamanders
  4 meliai (Abyss:4)
  6 kobold blastminers (Orc:2)
  28 black mambas
  A guardian serpent (shapeshifter) (D:13)
  A moth of wrath (Zot:1)
  18 elephants
  8 naga magi
  6 guardian serpents (Snake:4)
  A gargoyle (D:11)
  Joseph (Lair:1)
  A torpor snail (Lair:2)
  2 ice statues (IceCv)
  An orange demon (Lair:1)
  2 smoke demons
  3 molten gargoyles (Lair:5)
  12 cane toads
  Jeremiah (D:7)
  A large abomination (Abyss:3)
  A freezing wraith (D:15)
  An ice devil (IceCv)
  Psyche (D:9)
  14 komodo dragons
  A yaktaur (shapeshifter) (Depths:1)
  4 yaktaurs (D:15)
  3 tengu conjurers
  4 rime drakes
  An unseen horror (D:12)
  A queen bee (Abyss:4)
  2 polar bears
  9 trolls
  2 tyrant leeches
  A troll (shapeshifter) (D:14)
  Prince Ribbit (D:6)
  9 hornets
  6 dream sheep
  14 blink frogs
  5 slime creatures (D:15)
  A shadow (D:11)
  9 wyverns
  4 spriggans
  2 vampires (D:11)
  8 wraiths
  2 dire elephant simulacra (IceCv)
  3 fire elementals (Snake:3)
  A water elemental (Depths:2)
  39 yaks
  3 wargs
  3 basilisks
  A human (shapeshifter) (D:13)
  2 steam dragons
  5 vampire mosquitoes
  5 acid dragons
  9 swamp worms
  6 hell hounds
  23 nagas
  15 water moccasins
  29 orc warriors
  9 black bears
  9 laughing skulls
  A sky beast (D:4)
  7 swamp drakes (Swamp:4)
  2 ice beasts
  27 wolves
  8 centaurs
  15 ogres
  2 lemures (D:6)
  A phantom (D:5)
  3 kobold brigands
  10 bullfrogs
  A brain worm (shapeshifter) (D:14)
  A two-headed ogre simulacrum (IceCv)
  5 scorpions
  A cane toad simulacrum (IceCv)
  5 wights (D:9)
  A killer bee (D:9)
  5 howler monkeys
  2 electric eels
  5 lava snakes (Lair:5)
  4 hounds
  2 bombardier beetles
  20 orc priests
  3 iguanas (D:6)
  8 jellies
  2 gnoll boudas
  A sleepcap (D:6)
  31 orc wizards
  A polar bear simulacrum (IceCv)
  2 centaur simulacra
  8 gnolls
  5 adders
  A shadow imp (D:6)
  2 white imps
  6 ufetubi
  2 ribbon worms (D:3)
  3 dart slugs
  109 orcs
  9 ball pythons
  8 endoplasms
  7 giant cockroaches
  11 goblins
  7 hobgoblins
  12 jackals
  4 quokkas
  4 bats
  5 frilled lizards
  17 kobolds
  5 rats
  A lurking horror (Abyss:4)
  2 spectral weapons (Snake:3)
1091 creatures vanquished.

Vanquished Creatures (others)
  A naga warrior (Snake:4)
  2 occultists (D:15)
  2 bloated husks
  2 blink frogs (Lair:3)
  A naga (Snake:4)
  A hell hound (Lair:5)
  9 foxfires
  5 spectral weapons
23 creatures vanquished.

Grand Total: 1114 creatures vanquished

Notes
Turn   | Place    | Note
-------+----------+-------------------------------------------
     0 | D:1      | Flugslaktarn the Minotaur Fighter began the quest for the
                  | Orb.
     0 | D:1      | Reached XP level 1. HP: 19/19 MP: 0/0
    51 | D:1      | Reached XP level 2. HP: 27/27 MP: 1/1
   147 | D:1      | Reached skill level 4 in Fighting
   264 | D:1      | Found Noshruuc's Jewellery Boutique.
   361 | D:1      | Reached XP level 3. HP: 33/33 MP: 2/2
   398 | D:1      | Found Utogac's Jewellery Shop.
   553 | D:1      | Found Qyogh's Antique Armour Shoppe.
   705 | D:1      | Found Aptiudiv's Armour Emporium.
  1187 | D:2      | Identified the +1 ring mail of Absolutism {rElec Str+2}
  1599 | D:3      | Found a hazy altar of Hepliaklqana.
  1609 | D:3      | Reached XP level 4. HP: 41/41 MP: 3/3
  2240 | D:3      | Found a glowing drain.
  2285 | D:3      | Reached skill level 5 in Fighting
  2285 | D:3      | Reached XP level 5. HP: 48/48 MP: 4/4
  2961 | D:4      | Noticed an ogre
  2967 | D:4      | Killed an ogre
  2968 | D:4      | Reached XP level 6. HP: 27/56 MP: 5/5
  3263 | D:4      | Reached skill level 5 in Axes
  3392 | D:4      | Noticed a sky beast
  3405 | D:4      | Killed a sky beast
  3406 | D:4      | Reached skill level 6 in Fighting
  3776 | D:4      | Found a glowing silver altar of Zin.
  3776 | D:4      | Found a stormy altar of Qazlal.
  3842 | D:5      | Entered Level 5 of the Dungeon
  3935 | D:5      | Reached skill level 5 in Shields
  4118 | D:4      | Gained mutation: Your system is resistant to poisons.
                  | (rPois) [potion of mutation]
  4118 | D:4      | Gained mutation: You are agile. (Dex +4, Str/Int -1)
                  | [potion of mutation]
  4245 | D:5      | Reached skill level 5 in Armour
  4282 | D:5      | Reached XP level 7. HP: 64/64 MP: 6/6
  4464 | D:5      | Reached skill level 7 in Fighting
  5182 | D:1      | Bought an amulet of regeneration for 330 gold pieces
  5289 | D:6      | Found Puheng's Assorted Antiques.
  5414 | D:6      | Reached XP level 8. HP: 68/73 MP: 7/7
  5505 | D:6      | Reached skill level 8 in Fighting
  5600 | D:6      | Found an iron altar of Okawaru.
  5636 | D:6      | Noticed Pikel
  5649 | D:6      | Killed Pikel
  5797 | D:6      | Became a worshipper of Warmaster Okawaru
  5860 | D:6      | Noticed Prince Ribbit
  5872 | D:6      | Killed Prince Ribbit
  5873 | D:6      | Reached skill level 9 in Fighting
  5873 | D:6      | Reached XP level 9. HP: 73/83 MP: 8/8
  6159 | D:6      | Found a snail-covered altar of Cheibriados.
  6159 | D:6      | Noticed Blork the orc
  6325 | D:7      | Found a blossoming altar of Fedhas.
  6336 | D:7      | Reached skill level 1 in Invocations
  6342 | D:7      | Reached * piety under Okawaru
  6419 | D:7      | Noticed Jeremiah
  6436 | D:7      | Killed Jeremiah
  6481 | D:7      | Found a staircase to the Ecumenical Temple.
  6554 | D:7      | Reached skill level 10 in Fighting
  7409 | D:8      | Noticed a white ugly thing
  7423 | D:8      | Killed a white ugly thing
  7423 | D:8      | Reached ** piety under Okawaru
  7424 | D:8      | Reached skill level 10 in Axes
  7583 | D:8      | Reached XP level 10. HP: 89/94 MP: 11/11
  7875 | D:9      | Noticed a two-headed ogre
  7884 | D:9      | Killed a two-headed ogre
  7963 | D:9      | Reached *** piety under Okawaru
  8309 | D:9      | Paralysed by a hornet for 1 turns
  8346 | D:9      | Noticed Psyche
  8352 | D:9      | Killed Psyche
  8353 | D:9      | Reached skill level 11 in Fighting
  8445 | D:9      | Found Icopoy's Self-Published Books.
  8581 | D:9      | Reached **** piety under Okawaru
  8708 | D:9      | Found a shimmering altar of Xom.
  8709 | D:9      | Found an ornate altar of the Wu Jian Council.
  8802 | D:9      | Noticed a two-headed ogre
  8818 | D:9      | Killed a two-headed ogre
  8818 | D:9      | Reached ***** piety under Okawaru
  8824 | D:9      | Reached XP level 11. HP: 44/104 MP: 13/13
  8886 | D:9      | Noticed a green ugly thing
  8918 | D:9      | Reached skill level 12 in Fighting
  8986 | D:9      | Killed a green ugly thing
  9005 | D:9      | Identified the ring "Qeneoteo" {rCorr MP+9 Str-2 Dex+4}
  9298 | D:9      | Found a shadowy altar of Dithmenos.
  9501 | D:10     | Entered Level 10 of the Dungeon
  9545 | D:10     | Found a staircase to the Orcish Mines.
  9713 | D:10     | You fall into a shaft and drop 3 floors!
  9871 | D:11     | Noticed Nergalle
  9872 | D:11     | Noticed Erolcha
  9881 | D:11     | Killed Nergalle
  9896 | D:11     | Killed Erolcha
  9897 | D:11     | Reached skill level 5 in Invocations
  9951 | D:11     | Noticed a two-headed ogre
  9961 | D:11     | Killed a two-headed ogre
  9961 | D:11     | Reached ****** piety under Okawaru
  9961 | D:11     | Received a gift from Okawaru
  9964 | D:11     | Acquired a +2 vampiric broad axe
  9964 | D:11     | Received a gift from Okawaru
  9966 | D:11     | Acquired the scarf of the Brewing Gods {+Inv, rPois Regen+
                  | Str+6}
  9966 | D:11     | Received a gift from Okawaru
 10025 | D:11     | Noticed a boulder beetle
 10052 | D:11     | Killed a boulder beetle
 10133 | D:11     | Reached skill level 13 in Fighting
 10157 | D:11     | Found a frozen archway.
 10171 | IceCv    | Entered an ice cave
 10185 | IceCv    | Received a gift from Okawaru
 10278 | IceCv    | Reached skill level 10 in Shields
 10293 | IceCv    | Noticed a bog body
 10293 | IceCv    | Noticed a necromancer
 10298 | IceCv    | Killed a bog body
 10299 | IceCv    | Reached skill level 10 in Armour
 10299 | IceCv    | Reached XP level 12. HP: 62/114 MP: 15/15
 10472 | D:11     | Noticed Snorg
 10487 | D:11     | Killed Snorg
 10487 | D:11     | Received a gift from Okawaru
 10588 | D:10     | Noticed Maurice
 10592 | D:10     | Killed Maurice
 10605 | D:10     | Noticed Lodul
 10623 | D:10     | Killed Lodul
 10918 | D:10     | Noticed a centaur warrior
 10931 | D:10     | Killed a centaur warrior
 10932 | D:10     | Reached skill level 14 in Fighting
 11476 | D:1      | Bought a +5 ring of evasion for 396 gold pieces
 12222 | D:11     | Found a shadowy altar of Dithmenos.
 12347 | D:11     | Found a staircase to the Lair.
 12386 | Orc:1    | Entered Level 1 of the Orcish Mines
 12418 | Orc:1    | Noticed an orc warlord
 12430 | Orc:1    | Received a gift from Okawaru
 12442 | Orc:1    | Killed an orc warlord
 12478 | Orc:1    | Found Waze's Self-Improvement Boutique.
 12731 | Orc:2    | Entered Level 2 of the Orcish Mines
 12766 | Orc:2    | Found Aphaim's Book Shop.
 12766 | Orc:2    | Noticed Saint Roka
 12801 | Orc:2    | Killed Saint Roka
 12984 | Orc:2    | Found a staircase to the Elven Halls.
 12985 | Orc:2    | Noticed an orc warlord
 12985 | Orc:2    | Noticed an orc high priest
 12992 | Orc:2    | Received a gift from Okawaru
 13002 | Orc:2    | Reached XP level 13. HP: 125/125 MP: 9/17
 13010 | Orc:2    | Killed an orc warlord
 13201 | Orc:2    | Reached skill level 15 in Fighting
 13366 | Orc:2    | Found Guh Waol's Antique Weapon Boutique.
 13368 | Orc:2    | Found Vitsys's Antique Armour Shop.
 13485 | Orc:2    | Found Izat's Magic Scroll Emporium.
 13498 | Orc:2    | Bought a scroll of fear for 56 gold pieces
 13498 | Orc:2    | Bought a scroll of fear for 56 gold pieces
 13498 | Orc:2    | Bought a scroll of teleportation for 42 gold pieces
 13590 | Orc:2    | Reached skill level 15 in Axes
 13608 | Orc:2    | Found Vurr's General Store.
 13620 | Orc:2    | Bought a potion of heal wounds for 85 gold pieces
 13814 | Orc:1    | Paralysed by an orc sorcerer for 2 turns
 13816 | Orc:1    | Received a gift from Okawaru
 14044 | Lair:1   | Entered Level 1 of the Lair of Beasts
 14048 | Lair:1   | Noticed Amaemon
 14058 | Lair:1   | Killed Amaemon
 14107 | Lair:1   | Noticed Joseph
 14119 | Lair:1   | Killed Joseph
 14208 | Lair:1   | Received a gift from Okawaru
 14427 | Lair:1   | You fall into a shaft and drop 1 floor!
 14618 | Lair:2   | Reached skill level 16 in Fighting
 14659 | Lair:2   | Received a gift from Okawaru
 14904 | Lair:2   | Identified the ring of the Invisible Hand {rElec rC+ Will+
                  | Int-2 Dex+6}
 14922 | Lair:2   | Reached XP level 14. HP: 137/137 MP: 19/19
 14976 | Lair:2   | Found a staircase to the Swamp.
 15185 | Lair:2   | Got the Vellum of Parts Unknown
 15579 | Lair:3   | Noticed Nessos
 15608 | Lair:3   | Killed Nessos
 15608 | Lair:3   | Received a gift from Okawaru
 15743 | Lair:3   | Found a staircase to the Snake Pit.
 16061 | Lair:3   | Found the +6 Majin-Bo {spellvamp, MP+6 Int+6}
 16499 | Lair:4   | Reached skill level 1 in Evocations
 16590 | Lair:4   | Received a gift from Okawaru
 16756 | Lair:4   | Reached skill level 5 in Evocations
 16894 | Lair:4   | Received a gift from Okawaru
 16926 | Lair:4   | Reached skill level 1 in Dodging
 17117 | Lair:4   | Found a staircase to the Slime Pits.
 17242 | Lair:4   | Received a gift from Okawaru
 18581 | Lair:5   | Entered Level 5 of the Lair of Beasts
 18621 | Lair:5   | Reached XP level 15. HP: 47/145 MP: 20/20
 18761 | Lair:5   | Received a gift from Okawaru
 19078 | Lair:5   | Received a gift from Okawaru
 19093 | Lair:5   | Reached skill level 17 in Fighting
 19120 | Lair:5   | Found a large runed translucent door.
 19159 | Lair:5   | Found a large runed translucent door.
 19182 | Lair:5   | Reached skill level 10 in Invocations
 20193 | D:13     | Noticed Josephine
 20200 | D:13     | Killed Josephine
 20376 | D:13     | Found a portal to a secret trove of treasure.
 20448 | D:13     | Received a gift from Okawaru
 20582 | Abyss:3  | Cast into level 3 of the Abyss (an occultist)
 20608 | Abyss:3  | Found a corrupted altar of Lugonu.
 20629 | Abyss:4  | Noticed a bone dragon
 20647 | Abyss:4  | Killed a bone dragon
 20667 | Abyss:4  | Got an abyssal rune of Zot
 20767 | D:13     | Escaped the Abyss
 20910 | D:13     | Received a gift from Okawaru
 21033 | D:13     | Noticed Jorgrun
 21048 | D:13     | Killed Jorgrun
 21455 | D:14     | Reached skill level 5 in Dodging
 21457 | D:14     | Found a gate to the Vaults.
 21509 | D:14     | Reached XP level 16. HP: 154/155 MP: 23/23
 21514 | D:14     | Received a gift from Okawaru
 23224 | D:15     | Entered Level 15 of the Dungeon
 23505 | D:15     | Received a gift from Okawaru
 23552 | D:15     | Found a staircase to the Depths.
 23812 | D:15     | Identified the granite talisman of Tadozir {rN+}
 23812 | D:15     | Noticed Roxanne
 23955 | D:15     | Got the Tractate on Toxic Shifting
 24622 | Snake:1  | Entered Level 1 of the Snake Pit
 24774 | Snake:2  | Reached skill level 18 in Fighting
 24980 | Snake:2  | Identified the +1 kite shield "Fomouh" {rF+}
 24980 | Snake:2  | Noticed Donald
 24998 | Snake:2  | Killed Donald
 25015 | Snake:3  | Noticed Asterion
 25015 | Snake:3  | Found Istroedi's One-of-a-Kind Rings.
 25030 | Snake:3  | Gained mutation: You are weak. (Str -2) [a cacodemon]
 25031 | Snake:3  | Killed Asterion
 25031 | Snake:3  | Received a gift from Okawaru
 25099 | Snake:3  | Bought a +8 ring of evasion for 1092 gold pieces
 25173 | Snake:3  | Noticed Azrael
 25183 | Snake:3  | Killed Azrael
 25262 | Snake:3  | Noticed Bai Suzhen
 25283 | Arena    | Entered the Arena
 25289 | Arena    | HP: 1/157 [Bai Suzhen/torrent of water (13)]
 25290 | Arena    | Killed Bai Suzhen
 25291 | Arena    | Reached skill level 15 in Armour
 25313 | Snake:3  | Received a gift from Okawaru
 25712 | Snake:4  | Entered Level 4 of the Snake Pit
 25773 | Snake:4  | Reached skill level 15 in Shields
 25773 | Snake:4  | Reached XP level 17. HP: 162/166 MP: 25/25
 25794 | Snake:4  | Received a gift from Okawaru
 26092 | Snake:4  | Noticed Vashnia
 26100 | Snake:4  | Received a gift from Okawaru
 26105 | Snake:4  | Reached skill level 19 in Fighting
 26154 | Snake:4  | Killed Vashnia
 26154 | Snake:4  | Received a gift from Okawaru
 26212 | Snake:4  | Got a jade gem with 988 turns to spare
 26233 | Snake:4  | Got a serpentine rune of Zot
 26432 | Swamp:1  | Entered Level 1 of the Swamp
 26477 | Swamp:1  | Reached skill level 10 in Dodging
 26711 | Swamp:3  | Received a gift from Okawaru
 26966 | Swamp:4  | Entered Level 4 of the Swamp
 27052 | Swamp:4  | Reached XP level 18. HP: 178/178 MP: 26/26
 27160 | Swamp:4  | Got a decaying rune of Zot
 27163 | Swamp:4  | Got a mossy gem with 1057 turns to spare
 27523 | Vaults:1 | Entered Level 1 of the Vaults
 27589 | Depths:1 | Entered Level 1 of the Depths
 27644 | Depths:1 | Reached skill level 20 in Fighting
 27661 | Depths:1 | Received a gift from Okawaru
 27982 | Depths:1 | Received a gift from Okawaru
 28145 | Depths:4 | Entered Level 4 of the Depths
 28148 | Depths:4 | Noticed a juggernaut
 28168 | Depths:4 | Killed a juggernaut
 28207 | Depths:4 | Found a gate to the Realm of Zot.
 28207 | Depths:4 | Noticed a bone dragon
 28207 | Depths:4 | Noticed a golden dragon
 28207 | Depths:4 | Noticed a golden dragon
 28241 | Depths:4 | Killed a bone dragon
 28248 | Depths:4 | Killed a golden dragon
 28248 | Depths:4 | Received a gift from Okawaru
 28254 | Depths:4 | Killed a golden dragon
 28292 | Zot:1    | Entered Level 1 of the Realm of Zot
 28292 | Zot:1    | Noticed a dread lich
 28292 | Zot:1    | Noticed a golden dragon
 28292 | Zot:1    | Noticed a lich
 28293 | Zot:1    | Noticed a lich
 28376 | Zot:1    | Killed a lich
 28378 | Zot:1    | Noticed an ancient lich
 28386 | Depths:4 | Reached XP level 19. HP: 116/187 MP: 27/27
 28451 | Zot:1    | Paralysed by something for 4 turns
 28456 | Arena    | Entered the Arena
 28482 | Zot:1    | Noticed a golden dragon
 28492 | Depths:4 | Killed a golden dragon
 28495 | Depths:4 | Killed a dread lich
 28495 | Depths:4 | Received a gift from Okawaru
 28528 | Arena    | Entered the Arena
 28566 | Arena    | Entered the Arena
 28653 | Depths:4 | Reached skill level 21 in Fighting
 28834 | Zot:1    | Noticed an ancient lich
 28845 | Depths:4 | Killed a golden dragon
 28860 | Arena    | Entered the Arena
 28904 | Zot:1    | HP: 6/171 [something (12)]
 28905 | Zot:1    | Killed an ancient lich
 28906 | Zot:1    | Killed from afar by a black draconian knight

Illustrated notes

Levels and vault maps discovered:
D:1:      minmay_arrival_hallway, layout_loops_ring, serial_shops,
          nicolae_shop_tiny_statue_garden, shop,
          nicolae_shop_tiny_statue_garden, nicolae_shop_rolling_square,
          minmay_misc_feat_chi, serial_bayou_pond_c, minmay_pentomino_w4
D:2:      layout_basic, kennysheep_generic_room_13
D:3:      layout_loops_corners, nicolae_hepliaklqana_hazy_memory,
          cheibrodos_sewer_entry_bend, minmay_fractal_squares_diagonal_5
D:4:      layout_basic, gammafunk_temple_overflow_elements, serial_bayou,
          serial_bayou_pond_d, serial_bayou_pond_d, serial_bayou_lake_a,
          serial_bayou_ford_a
D:5:      layout_loops_ring, chequers_serial_rivers_micro_e
D:6:      layout_loops_cross, chei_slow_surprise, okawaru_trees_1, serial_shops,
          nicolae_shop_overgrown_old_shop, uniq_blork_the_orc,
          uniq_prince_ribbit1, uniq_pikel
D:7:      layout_basic, fedhas_bush_and_centaur_altar,
          minmay_temple_entry_mini_moons, minmay_misc_feat_square, uniq_jeremiah
D:8:      layout_rooms
D:9:      minmay_clustersquares, layout_loops_ring, kennysheep_mini_moat,
          gammafunk_temple_overflow_statue, serial_ice, serial_ice_f,
          serial_ice_g, serial_ice_m, serial_ice_l, grunt_ministairs_14,
          grunt_decor_junction, grunt_decor_cap, minmay_misc_feat_room,
          nicolae_custom_books, minmay_between, uniq_psyche
D:10:     layout_basic, hiddenorc2_lemuel, uniq_maurice, uniq_lodul
D:11:     layout_long_grid, grunt_lair_entry_orc_guard_hut,
          portal_ice_cave_entry_pillars_1, grunt_decor_resistance,
          grunt_dithmenos_shadows, uniq_snorg, uniq_nergalle, uniq_erolcha
D:12:     layout_loops_corners
D:13:     cheibrodos_breeding_chamber, layout_stronghold,
          nicolae_trove_entry_diagonal, uniq_jorgrun, uniq_josephine
D:14:     layout_layer_cave, erik_vaults_2
D:15:     hangedman_depths_entry_civil_slaughter, layout_rooms, serial_library,
          serial_library_regret_index_double_sided,
          serial_library_hellmonk_junction, serial_library_hellmonk_big_corner,
          serial_library_hellmonk_small_alcove,
          serial_library_hellmonk_small_corner, serial_library_hellmonk_room_c,
          serial_library_hellmonk_secret_room,
          serial_library_hellmonk_long_bookcase,
          serial_library_hellmonk_octagon,
          serial_library_regret_index_small_wings, uniq_roxanne
Lair:1:   layout_hall_layers, grunt_megastairs_3, uniq_amaemon, uniq_joseph
Lair:2:   cheibrodos_lair_overgrown_chateau, layout_regular_city,
          swamp_mist_pool, serial_rivers, chequers_serial_rivers_room_b,
          chequers_serial_rivers_micro_b, chequers_serial_rivers_large_a,
          chequers_serial_rivers_small_b, st_stairs_9, worms_lemuel
Lair:3:   layout_regular_city, dummy_snake_entry, uniq_nessos
Lair:4:   minmay_lair_oklob_chamber, layout_cellular_growth,
          nicolae_slime_entry_slimehenge, wad_woods_river_01,
          serial_bayou_shore_a, lemuel_fruit_tree, serial_bayou_shore_b
Lair:5:   cheibrodos_lair_end_hotspot, layout_loops_ring
Swamp:1:  layout_basic_swamp, evilmike_swamp_ruin_rubble_2
Swamp:2:  layout_falls_marsh, evilmike_swamp_ruin_house_4
Swamp:3:  dpeg_oklob_gauntlet, layout_falls_marsh,
          nicolae_swamp_decorative_isthmus, statue_in_the_mist_lemuel
Swamp:4:  swamp, layout_basic_swamp, swamp_pool_5, hangedman_swamp_blocks
Snake:1:  layout_onion, nicolae_triple_integral
Snake:2:  layout_misc_corridors, nicolae_snake_squiggles, abandoned_shop,
          uniq_donald
Snake:3:  layout_onion_interference, nicolae_shop_unique_rings,
          nicolae_snake_linked_coils, uniq_asterion, uniq_bai_suzhen,
          uniq_azrael
Snake:4:  grunt_snake_rune_serpentine_throne, layout_rooms, st_stairs_9
Orc:1:    layout_caves, nicolae_shop_self_help
Orc:2:    grunt_orc_community_town_hall, layout_caves,
          grunt_orc_community_big_house_2, grunt_orc_community_big_house_2,
          grunt_orc_community_house_1, grunt_orc_community_house_2,
          grunt_orc_community_house_3, grunt_orc_community_house_2,
          serial_shops, shop, basic_altar, uniq_saint_roka
Vaults:1: nicolae_vaults_little_ls, nicolae_vaults_frosty_reception,
          vaults_dpeg_cross, nicolae_vaults_corpse_flower,
          nicolae_vaults_circle_grid_a, v_misc_24,
          nicolae_vaults_closet_pinwheel_1, v_pattern_1, nicolae_vaults_heist,
          vaults_room_pool, v_misc_2, nicolae_vaults_tetromino_L_1,
          layout_vaults_chaotic_city
Depths:1: layout_forbidden_donut, grunt_metal_band, serial_bayou_lagoon_a,
          minivault_22, nicolae_uskayaw_dance_hall, minmay_shop_star,
          grunt_megastairs_2
Depths:2: cheibrodos_witchhunters_guild, layout_cave_pools,
          nicolae_hell_entry_big_baal_hell, grunt_pan_entry_sceptre,
          hangedman_abyss_or_decor_stabs, lemuel_zombie_altar_yredelemnul
Depths:3: nicolae_fronds_of_death, layout_cross, pan_entry,
          kennysheep_big_empty_room, grunt_hell_entry_dis_old,
          abyss_entry_small_statue_room, kennysheep_generic_room_2,
          serial_bayou_shore_b, minmay_staircase_statues, minmay_shoptagon
Depths:4: grunt_zot_entry_funnels, layout_basic, enter_ziggurat_a, serial_shops,
          shop, hell_entry, serial_rivers, chequers_serial_rivers_micro_d,
          chequers_serial_rivers_small_a, chequers_serial_rivers_marsh,
          chequers_serial_rivers_micro_a, ashenzari_conservatory_becter
Zot:1:    hellmonk_crystal_mountain, layout_misc_corridors,
          hangedman_player_shredder

Skill      XL: |  1  2  3  4  5  6  7  8  9 10 11 12 13 14 15 16 17 18 19 |
---------------+----------------------------------------------------------+-----
Fighting       | 4 5 6 7 9 10 11 13 14 16 17 18 19 20 21 | 21.1
Axes           | 3 4 5 6 8 10 11 13 14 16 18 | 18.0
Armour         | 4 5 6 7 8 10 11 12 13 15 16 18 | 18.5
Shields        | 4 5 6 7 8 10 11 12 13 15 16 17 18 | 18.3
Invocations    | 2 4 5 7 8 9 11 12 | 12.0
Evocations     | 6 |  6.0
Dodging        | 2 5 8 10 12 13 | 13.0

Action                     |  1- 3 |  4- 6 |  7- 9 | 10-12 | 13-15 | 16-18 | 19-21 || total
---------------------------+-------+-------+-------+-------+-------+-------+-------++-------
  Melee: War axe           |   112 |   138 |   228 |   289 |    10 |     4 |       ||   781
         Headbutt          |    14 |    19 |    59 |   143 |   255 |   343 |    39 ||   872
         Broad axe         |       |       |       |   327 |  1031 |  1248 |   153 ||  2759
 Invoke: Heroism           |       |       |       |     4 |     2 |    16 |     4 ||    26
         Receive Weapon    |       |       |       |     1 |       |       |       ||     1
         Receive Armour    |       |       |       |     1 |       |       |       ||     1
         Finesse           |       |       |       |     2 |       |     6 |     1 ||     9
         Duel              |       |       |       |       |       |     1 |     4 ||     5
  Evoke: Wand              |       |       |       |     1 |     3 |       |       ||     4
    Use: Scroll            |     6 |     8 |     2 |     2 |    10 |     3 |     5 ||    36
         Potion            |       |     1 |       |       |     1 |     4 |     8 ||    14
   Stab: Distracted        |       |       |       |       |     1 |     3 |       ||     4
 Armour: Scale mail        |    79 |    18 |       |       |       |       |       ||    97
         Plate armour      |       |    88 |   200 |   454 |       |       |       ||   742
         Chain mail        |       |       |       |    13 |   570 |   708 |   264 ||  1555
  Dodge: Dodged            |    46 |    36 |    70 |   171 |   406 |   775 |   177 ||  1681
  Block: Buckler           |    23 |    29 |    54 |   124 |       |       |       ||   230
         Tower shield      |       |       |       |   272 |  1202 |  1453 |       ||  2927
         Kite shield       |       |       |       |       |       |       |   142 ||   142

Table legend: (Time is in decaauts)
 A = Elapsed time spent in this place.
 B = Non-inter-level travel time spent in this place.
 C = Inter-level travel time spent in this place.
 D = Time resting spent in this place.
 E = Time spent auto-exploring this place.
 F = Levels seen in this place.
 G = Mean time per level.
                   A        B        C        D        E       F      G
               +--------+--------+--------+--------+--------+-----+--------+
         Total |  28828 |  26050 |   2778 |   1290 |  18811 |  44 |  655.2 |
       Dungeon |  17249 |  15438 |   1811 |    833 |  11929 |  15 | 1149.9 |
          Lair |   5979 |   5482 |    497 |     79 |   4326 |   5 | 1195.8 |
         Swamp |    883 |    680 |    203 |      0 |    341 |   4 |  220.8 |
     Snake Pit |   1592 |   1443 |    149 |     43 |    894 |   4 |  398.0 |
  Orcish Mines |   1587 |   1512 |     75 |      0 |   1193 |   2 |  793.5 |
        Vaults |      1 |      1 |      0 |      0 |      0 |   1 |    1.0 |
        Depths |    997 |    957 |     40 |    291 |     62 |   4 |  249.2 |
           Zot |     49 |     49 |      0 |      0 |      0 |   1 |   49.0 |
         Abyss |    174 |    174 |      0 |     23 |     20 |   2 |   87.0 |
      Ice Cave |    201 |    201 |      0 |      2 |     45 |   1 |  201.0 |
         Arena |    112 |    112 |      0 |     18 |      0 |   5 |   22.4 |
               +--------+--------+--------+--------+--------+-----+--------+

Top non-repeatable levels by time:
    D:14: 1946 daAuts
     D:9: 1688 daAuts
  Lair:4: 1616 daAuts
     D:3: 1449 daAuts
    D:13: 1347 daAuts
     D:4: 1338 daAuts
    D:15: 1223 daAuts
    D:11: 1204 daAuts
  Lair:2: 1196 daAuts
  Lair:5: 1196 daAuts
     D:7: 1109 daAuts
     D:5: 1094 daAuts
     D:1: 1085 daAuts
  Lair:3: 1083 daAuts
    D:10: 1057 daAuts
